 Dungeon Crawl Stone Soup version 0.30.1-11-g7821555f0a (webtiles) character file.

Game seed: 16700051626567491351

1477 lonewolfV2 the Ducker (level 9, -2/71 HPs)
             Began as a Formicid Fighter on Nov 9, 2023.
             Slain by Menkaure (3 damage)
             ... on level 6 of the Dungeon.
             The game lasted 00:09:13 (5735 turns).

lonewolfV2 the Ducker (Formicid Fighter)            Turns: 5735, Time: 00:09:14

Health: -2/71      AC:  9    Str: 22    XL:     9   Next: 6%
Magic:  9/9        EV: 14    Int:  7    God:
Gold:   271        SH:  6    Dex: 23    Spells: 8/8 levels left

rFire   . . .        l - +2 flail "Igalax" {drain, Will++ SInv Stlth-}
rCold   . . .        c - +0 buckler
rNeg    . . .        b - +0 scale mail
rPois   .            (helmet unavailable)
rElec   .            (no cloak)
rCorr   .            t - +0 pair of gloves
SInv    +            (no boots)
Will    ++...        p - amulet of regeneration Stlth
                     u - +6 ring of dexterity
HPRegen 1.11/turn    (no ring)
MPRegen 0.11/turn

%: no passive effects
@: no status effects
A: permanent stasis, dig shafts and tunnels, antennae 3, four strong arms
a: Dig, Shaft Self


You were on level 6 of the Dungeon.
You visited 2 branches of the dungeon, and saw 8 of its levels.

You collected 381 gold pieces.
You spent 110 gold pieces at shops.

Inventory:

Hand Weapons
 a - a +1 war axe
 e - the +2 rapier "Ishamn" {flame, rElec Will- Int+2}
   (You found it on level 5 of the Dungeon)

   Int:       It affects your intelligence (+2).
   rElec:     It insulates you from electricity.
   Will:      It decreases your willpower.
 l - the +2 flail "Igalax" (weapon) {drain, Will++ SInv Stlth-}
   (You found it on level 2 of the Dungeon)

   SInv:      It lets you see invisible.
   Will:      It greatly increases your willpower.
   Stlth:     It makes you less stealthy.
Armour
 b - a +0 scale mail (worn)
 c - a +0 buckler (worn)
 t - a +0 pair of gloves (worn)
Jewellery
 p - an amulet of regeneration (around neck)
 r - a ring of ice
 u - a +6 ring of dexterity (left hand)
Wands
 k - a wand of digging (12)
 s - a wand of flame (25)
 w - a wand of iceblast (7)
Scrolls
 f - a scroll of amnesia
 g - a scroll of poison
Potions
 d - 3 potions of might
 h - a potion of cancellation
 i - 2 potions of lignification
 j - 2 potions of heal wounds
 m - 2 potions of curing
 n - 2 potions of flight
 o - 4 potions of degeneration
 q - a potion of mutation
 v - a potion of resistance
 z - a potion of attraction {unknown}


   Skills:
 + Level 6.6 Fighting
 - Level 2.0 Axes
 + Level 6.6 Armour
 * Level 6.8 Dodging
 - Level 4.0 Shields


You had 8 spell levels left.
You didn't know any spells.
Your spell library contained the following spells:

 Spells                   Type           Power      Damage    Failure   Level
 Cigotuvi's Dreadful Rot  Necr/Pois/Air  0%         N/A       90%         2
 Ignite Poison            Fire/Tmut/Pois 0%         N/A       99%         3
 Ozocubu's Armour         Ice            0%         N/A       99%         3
 Freezing Cloud           Conj/Ice/Air   0%         6-21      100%        5
 Ozocubu's Refrigeration  Ice            0%         4d7       100%        7


Dungeon Overview and Level Annotations

Branches:
Dungeon (7/15)             Temple (1/1) D:4

Altars:
Cheibriados
Dithmenos
Gozag
Kikubaaqudgha
Makhleb
Nemelex Xobeh
Ru
Sif Muna
Trog
Uskayaw
Vehumet
Wu Jian
Xom
Yredelemnul
Zin

Shops:
D:3 !   D:4 *

Annotations:
D:6 Menkaure


Innate Abilities, Weirdness & Mutations

You cannot be hasted, slowed, berserked, paralysed or teleported.
You can dig through walls and to a lower floor.
You have a pair of large antennae on your head. (SInv)
Your four strong arms can wield two-handed weapons with a shield.


Message History

Menkaure casts a spell.
Menkaure seems to speed up.
There is a stone staircase leading up here.
You closely miss Menkaure. Menkaure closely misses you.
You hit Menkaure.
Menkaure is lightly damaged.
Menkaure hits you but does no damage. Menkaure barely misses you.
You barely miss Menkaure.
Menkaure is lightly damaged.
You block Menkaure's attack. Menkaure hits you!
You barely miss Menkaure.
Menkaure is lightly damaged.
Menkaure barely misses you.
You hit Menkaure.
Menkaure is lightly damaged.
Menkaure calls on the powers of darkness!
Your body is wracked with pain!
Menkaure barely misses you.
You hit Menkaure.
Menkaure is moderately damaged.
You block Menkaure's attack. Menkaure closely misses you.
You barely miss Menkaure.
Menkaure is moderately damaged.
Menkaure hits you!
You barely miss Menkaure.
Menkaure is moderately damaged.
You block Menkaure's attack. x2
You barely miss Menkaure.
Menkaure is moderately damaged.
Menkaure calls on the powers of darkness!
Your body is wracked with pain!
* * * LOW HITPOINT WARNING * * *
You hit Menkaure.
Menkaure is heavily damaged.
Menkaure hits you but does no damage. Menkaure misses you.
You hit Menkaure.
Menkaure is severely damaged.
Menkaure hits you!!
* * * LOW HITPOINT WARNING * * *
Menkaure hits you.
You die...

#....#
#....+........
#....#.......
#....##......
#....##.....
#....##...#
#....##...##
#.......M..#
#......[@..#
#......[.<.#
#....##...##
#....##...##.##.
#....##.........
#....##.........
#...............
#.........>.....
#...............


You could see Menkaure (fast).

Vanquished Creatures
  Edmund (D:4)
  An orc warrior (D:5)
  2 ice beasts (D:5)
  2 ogres
  Blork the orc (D:4)
  2 scorpions (D:4)
  2 wights (D:6)
  A howler monkey (D:5)
  2 orc priests (D:3)
  2 hounds (D:5)
  A gnoll bouda (D:5)
  Jessica (D:2)
  Ijyb (D:4)
  6 iguanas
  A mummy (D:5)
  8 gnolls
  4 adders
  2 ufetubi (D:5)
  A dart slug (D:2)
  4 orcs
  3 endoplasms
  3 giant cockroaches
  4 goblins
  7 hobgoblins
  7 jackals
  12 quokkas
  16 ball pythons
  3 bats
  7 frilled lizards
  A hobgoblin zombie (D:5)
  2 kobolds (D:2)
  A kobold zombie (D:5)
  2 orc zombies (D:5)
  7 rats
120 creatures vanquished.

Notes
Turn   | Place    | Note
-------+----------+-------------------------------------------
     0 | D:1      | lonewolfV2 the Formicid Fighter began the quest for the
                  | Orb.
     0 | D:1      | Reached XP level 1. HP: 18/18 MP: 1/1
   109 | D:1      | Reached XP level 2. HP: 24/24 MP: 2/2
   132 | D:1      | Reached skill level 1 in Dodging
   526 | D:1      | Reached XP level 3. HP: 29/29 MP: 3/3
  1043 | D:2      | Noticed Jessica
  1055 | D:2      | Killed Jessica
  1056 | D:2      | Reached XP level 4. HP: 9/37 MP: 4/4
  1684 | D:2      | Identified the +2 flail "Igalax" {drain, Will++ SInv
                  | Stlth-}
  2166 | D:3      | Found a faded altar of an unknown god.
  2231 | D:3      | Found Ozoegao's Distillery.
  2379 | D:3      | Noticed an ogre
  2386 | D:3      | Killed an ogre
  2387 | D:3      | Reached XP level 5. HP: 42/42 MP: 5/5
  2569 | D:3      | Reached XP level 6. HP: 46/49 MP: 6/6
  2765 | D:3      | Found a hide-covered altar of Uskayaw.
  3403 | D:4      | Reached XP level 7. HP: 53/55 MP: 7/7
  3426 | D:4      | You fall into a shaft and drop 3 floors!
  3471 | D:5      | Entered Level 5 of the Dungeon
  3500 | D:5      | Reached skill level 5 in Armour
  3526 | D:5      | Reached skill level 5 in Fighting
  3861 | D:5      | Found a shimmering blue altar of Sif Muna.
  3867 | D:5      | Identified the +2 rapier "Ishamn" {flame, rElec Will-
                  | Int+2}
  4047 | D:5      | Reached skill level 5 in Dodging
  4296 | D:4      | Found Yklauceto's Assorted Antiques.
  4309 | D:4      | Bought a runed steel amulet for 110 gold pieces
  4418 | D:4      | Identified the +2 robe "Zulufy" {Regen+ rCorr SInv}
  4497 | D:4      | Noticed Blork the orc
  4507 | D:4      | Killed Blork the orc
  4508 | D:4      | Reached XP level 8. HP: 35/63 MP: 8/8
  4562 | D:4      | Noticed Edmund
  4574 | D:4      | Killed Edmund
  4590 | D:4      | Found a staircase to the Ecumenical Temple.
  4648 | D:4      | Noticed Ijyb
  4659 | D:4      | Killed Ijyb
  5011 | Temple   | Entered the Ecumenical Temple
  5011 | Temple   | Found a transporter.
  5011 | Temple   | Found a transporter.
  5013 | Temple   | Found a transporter.
  5013 | Temple   | Found a transporter.
  5586 | D:6      | Reached XP level 9. HP: 40/69 MP: 9/9
  5589 | D:6      | Noticed Menkaure
  5735 | D:6      | HP: 1/71 [Menkaure (18)]
  5735 | D:6      | Slain by Menkaure

Illustrated notes

Levels and vault maps discovered:
D:1:      lemuel_arrival_behind_the_door_small, layout_basic
D:2:      minmay_alternating_diamond, layout_loops_corners,
          grunt_decor_mini_mirrors, minmay_circle_x, uniq_jessica
D:3:      layout_basic, eat_drink_and_be_merry_uskayaw, serial_shops, shop,
          nicolae_ecumenical_pavilion, st_stairs_10
D:4:      layout_gridville, minmay_temple_entry_poolview, serial_shops,
          nicolae_shop_competitors_out_of_business, uniq_blork_the_orc,
          uniq_edmund, uniq_ijyb
D:5:      minmay_chambers_of_fours, layout_gridville, led_sif_book,
          minmay_mini_ossuary
D:6:      layout_gridville, old_standard_altar, uniq_menkaure
D:7:      layout_loops_cross
Temple:   hellmonk_temple_divided_pantheon

Skill      XL: |  1  2  3  4  5  6  7  8 |
---------------+-------------------------+-----
Dodging        | 1 2 3 4 5 6 |  6.8
Armour         | 4 5 6 |  6.6
Fighting       | 4 5 6 |  6.6
Axes           | |  2.0
Shields        | |  4.0

Action                     |  1- 3 |  4- 6 |  7- 9 || total
---------------------------+-------+-------+-------++-------
  Melee: War axe           |    91 |    18 |       ||   109
         Flail             |       |    78 |   182 ||   260
    Use: Scroll            |     2 |     9 |     4 ||    15
 Armour: Scale mail        |    46 |    46 |    66 ||   158
  Dodge: Dodged            |    50 |    63 |   129 ||   242
  Block: Buckler           |    26 |    34 |    63 ||   123
